 Dungeon Crawl Stone Soup version 0.20-a0-148-gb6cfb21 (webtiles) character file.

59 KristoblXynda the Charmwright (level 4, 0/33 HPs)
             Began as a Merfolk Skald on Nov 21, 2016.
             Slain by a worm (4 damage)
             ... on level 2 of the Dungeon.
             The game lasted 00:02:05 (1031 turns).

KristoblXynda the Charmwright (Merfolk Skald)       Turns: 1031, Time: 00:02:06

Health: 0/33       AC:  4    Str: 12    XL:     4   Next: 3%
Magic:  7/7        EV: 12    Int: 12    God:
Gold:   47         SH:  0    Dex: 13    Spells: 3/7 levels left

rFire  + . .     SeeInvis .     a - +0 falchion
rCold  + . .     Gourm    .     m - +1 robe {rC+ rF+}
rNeg   . . .     Faith    .     (no shield)
rPois  .         Spirit   .     (no helmet)
rElec  .         Reflect  .     e - +0 cloak
rCorr  .         Harm     .     (no gloves)
MR     .....                    (no boots)
Stlth  +.........               (no amulet)
                                (no ring)
                                (no ring)

@: no status effects
A: change form in water, swift swim, stealthy swim
a: no special abilities


You were on level 2 of the Dungeon.
You were hungry.

You visited 1 branch of the dungeon, and saw 2 of its levels.

You collected 47 gold pieces.

Inventory:

Hand Weapons
 a - a +0 falchion (weapon)
 o - a +0 dagger of holy wrath
Armour
 e - a +0 cloak (worn)
 m - a +1 robe of resistance (worn)
Jewellery
 n - an uncursed ring of see invisible {unknown}
Scrolls
 b - a scroll of fog {unknown}
 f - a scroll of remove curse {unknown}
 g - a scroll of teleportation {unknown}
 j - 3 scrolls of identify {unknown}
Potions
 h - a potion of curing {unknown}
 i - a potion of might {unknown}
 l - 3 potions of flight {unknown}
Books
 c - a book of Battle

   Spells                             Type                      Level
   a - Infusion                       Charms                       1
   b - Shroud of Golubria             Charms/Translocation         2
   c - Song of Slaying                Charms                       2
   d - Spectral Weapon                Hexes/Charms                 3
   e - Regeneration                   Charms/Necromancy            3
Comestibles
 d - 3 bread rations
 k - a beef jerky


   Skills:
 - Level 2.1 Fighting
 + Level 3.0 Long Blades
 - Level 1.3 Armour
 + Level 2.2 Dodging
 - Level 2.0 Spellcasting
 + Level 4.0 Charms


You had 3 spell levels left.
You knew the following spells:

 Your Spells              Type           Power        Failure   Level  Hunger
a - Infusion              Chrm           ##..         6%          1    ##.....
b - Regeneration          Chrm/Necr      #.........   34%         3    ####...


Dungeon Overview and Level Annotations

Branches:
Dungeon (2/15)

Altars:


Message History

You kill the hobgoblin!
You have reached level 4!
The goblin throws a stone.
The stone closely misses you.
You hit the hobgoblin but do no damage. The hobgoblin closely misses you.
You barely miss the hobgoblin. The hobgoblin hits you.
You hit the hobgoblin.
The hobgoblin is almost dead.
The hobgoblin hits you.
You hit the hobgoblin.
You kill the hobgoblin!
The goblin throws a stone.
The stone hits you but does no damage. The goblin hits you.
Items here: ( ) ††††† You hit the goblin.
You kill the goblin!
Your Long Blades skill increases to level 3!
The worm bites you!
* * * LOW HITPOINT WARNING * * *
The worm bites you.
You die...

......##...###...###..#
......#.....##........#
....###.....##(#.######
............##...#
.#..##......###..# ..
.#.....<....###..# .g.
.#..######....##(# ##..
.#..#.........##)## .g.
.#.....###....##@w# #.#
.##.#### #....##.(##..#
###.######....###.(..######
#.......######..>........
#######.# #.........##
#########.### #.........#
............# #.........#
####........####.........#
#...........#.........#


You could see a worm.

Vanquished Creatures
  2 adders (D:2)
  2 oozes
  A dart slug (D:1)
  A leopard gecko (D:1)
  A giant cockroach (D:2)
  6 hobgoblins
  4 bats
  4 frilled lizards
  4 goblins (D:2)
  3 kobolds
  3 rats (D:1)
31 creatures vanquished.

Notes
Turn   | Place    | Note
-------+----------+-------------------------------------------
     0 | D:1      | KristoblXynda the Merfolk Skald began the quest for the Orb.
     0 | D:1      | Reached XP level 1. HP: 16/16 MP: 3/3
    52 | D:1      | Reached skill level 1 in Armour
    62 | D:1      | Reached XP level 2. HP: 19/22 MP: 5/5
   732 | D:2      | Reached XP level 3. HP: 27/27 MP: 6/6
   737 | D:2      | Learned a level 3 spell: Regeneration
  1000 | D:2      | Reached skill level 4 in Charms
  1024 | D:2      | Reached XP level 4. HP: 18/33 MP: 7/7
  1031 | D:2      | Slain by a worm

Vault maps used:
D:1:      matt_arrival_diagonals
D:2:      zin_scriptorium, first_bread, minmay_goblin_outpost

Skill      XL: |  1  2  3  4 |
---------------+-------------+-----
Armour         | 1 |  1.3
Charms         | 4 |  4.0
Dodging        | 2 |  2.2
Long Blades    | 3 |  3.0
Fighting       | |  2.1
Spellcasting   | |  2.0

Action                   |  1- 3 |  4- 6 || total
-------------------------+-------+-------++-------
Melee: Falchion          |    88 |     5 ||    93
Armor: Leather armour    |    33 |       ||    33
       Robe              |    10 |     1 ||    11
Dodge: Dodged            |    77 |     2 ||    79
       Rpst.: Falchion   |    19 |       ||    19
